 Dungeon Crawl Stone Soup version 0.30.1-9-gdf580d7c3d (webtiles) character file.

Game seed: 302168831518758969

10 Ironcache the Digger (level 2, 0/15 HPs)
             Began as a Gargoyle Earth Elementalist on Oct 8, 2023.
             Slain by a quokka (4 damage)
             ... on level 1 of the Dungeon.
             The game lasted 00:00:53 (132 turns).

Ironcache the Digger (Gargoyle Earth Elementalist)   Turns: 132, Time: 00:00:53

Health: 0/15       AC:  4    Str: 11    XL:     2   Next: 20%
Magic:  0/5        EV: 12    Int: 15    God:
Gold:   5          SH:  0    Dex: 10    Spells: 4/5 levels left

rFire   . . .        (no weapon)
rCold   . . .        (no shield)
rNeg    + . .        a - +0 robe
rPois   ∞            (no helmet)
rElec   +            (no cloak)
rCorr   .            (no gloves)
SInv    .            (no boots)
Will    .....        (no amulet)
Stlth   ++           (no ring)
HPRegen 0.22/turn    (no ring)
MPRegen 0.09/turn

%: no passive effects
@: no status effects
A: sickness immunity, AC +2, negative energy resistance 1, electricity
resistance, torment resistance 1, petrification resistance
a: no special abilities


You were on level 1 of the Dungeon.
You visited 1 branch of the dungeon, and saw 1 of its levels.

You collected 5 gold pieces.

Inventory:

Armour
 a - a +0 robe (worn)
Scrolls
 c - a scroll of poison {unknown}
Potions
 b - a potion of magic


   Skills:
 + Level 0.0 Fighting
 + Level 1.7 Dodging
 + Level 2.4 Stealth
 + Level 2.1 Spellcasting
 + Level 0.0 Conjurations
 - Level 1.0 Transmutations
 + Level 3.8 Earth Magic


You had 4 spell levels left.
You knew the following spells:

 Your Spells              Type           Power      Damage    Failure   Level
a - Sandblast             Erth           26%        2d8       4%          1

Your spell library contained the following spells:

 Spells                   Type           Power      Damage    Failure   Level
 Passwall                 Tmut/Erth      6%         N/A       12%         2
 Stone Arrow              Conj/Erth      14%        3d7       30%         3
 Petrify                  Tmut/Erth      8%         N/A       63%         4


Dungeon Overview and Level Annotations

Branches:
Dungeon (1/15)

Altars:


Innate Abilities, Weirdness & Mutations

You are immune to sickness and miasma.
Your stone body is resilient. (AC +2)
You are immune to poison.
You resist negative energy. (rN+)
You are resistant to electric shocks. (rElec)
You are resistant to unholy torment.
You are immune to petrification.


Message History

Aim: a gnoll, wielding a +0 club (severely wounded, 84% to hit)
The blast of sand hits the gnoll.
You kill the gnoll!
The kobold barely misses you. The quokka closely misses you.
Your Transmutations skill increases to level 1!
You have reached level 2!
Casting: Sandblast (safe; 4% risk of failure)
Confirm with . or Enter, or press ? or * to list all spells.
You don't have enough magic to cast this spell.
There are monsters nearby!
You barely miss the kobold. The kobold hits you with a +0 dagger.
The quokka closely misses you.
You closely miss the kobold. The kobold hits you but does no damage.
The quokka barely misses you.
The quokka bites you but does no damage.
The quokka attacks as you move away! The quokka bites you.
The quokka attacks as you move away! The quokka bites you.
The quokka barely misses you. The kobold attacks as you move away!
The kobold hits you but does no damage.
The kobold throws a stone.
The stone barely misses you. The quokka attacks as you move away!
The quokka misses you.
Casting: Sandblast (safe; 4% risk of failure)
Confirm with . or Enter, or press ? or * to list all spells.
Aiming: Sandblast (safe; 4% risk of failure)
Press: ? - help, Shift-Dir - straight line, f - quokka
Aim: a quokka (75% to hit)
The blast of sand hits the quokka.
The quokka is severely wounded.
The quokka bites you. x2
You barely miss the quokka.
The quokka is severely wounded.
The quokka bites you.
* * * LOW HITPOINT WARNING * * *
Casting: Sandblast (safe; 4% risk of failure)
Confirm with . or Enter, or press ? or * to list all spells.
You don't have enough magic to cast this spell.
You closely miss the quokka.
The quokka is severely wounded.
The quokka bites you.
You die...

#.....#.# #..
#######.#########.# #...#
#.....#...#.. .....
#.#.#####.#.#.#.### .....
#<#...#...#..[#...# ......
#####.#.#####.##### ......
#...# #.....)
......########################
..........Kgr@..........######
..........#######.............
......)..## #....#########
........## #....# #########
#....# #....# ######


You could see a quokka, a goblin and a kobold.

Vanquished Creatures
  A gnoll (D:1)
1 creature vanquished.

Notes
Turn   | Place    | Note
-------+----------+-------------------------------------------
     0 | D:1      | Ironcache the Gargoyle Earth Elementalist began the quest
                  | for the Orb.
     0 | D:1      | Reached XP level 1. HP: 10/10 MP: 3/3
   122 | D:1      | Reached skill level 1 in Transmutations
   122 | D:1      | Reached XP level 2. HP: 11/15 MP: 0/5
   132 | D:1      | Slain by a quokka

Illustrated notes

Levels and vault maps discovered:
D:1:      elethiomel_arrival_maze, layout_rooms

Skill      XL: |  1 |
---------------+----+-----
Transmutations | 1 |  1.0
Dodging        | |  1.7
Stealth        | |  2.4
Spellcasting   | |  2.1
Earth Magic    | |  3.8

Action                     || total
---------------------------++-------
  Melee: Unarmed           ||     4
   Cast: Sandblast         ||     4
 Armour: Robe              ||     4
  Dodge: Dodged            ||     7
